 Dungeon Sprint DCSS version 0.26-a0-1184-g95e395e029 (webtiles) character file.

Game seed: 4921557647893029130

319094 rocky1 the Petrodigitator (level 22, 0/212 HPs)
             Began as a Formicid Earth Elementalist on Dec 28, 2020.
             Was the Champion of Cheibriados.
             Killed by divine providence
             ... invoked by a daeva
              (12 damage)
             ... in the Dungeon (Sprint VII: "The Pits").
             The game lasted 01:23:52 (12879 turns).

rocky1 the Petrodigitator (FoEE)                   Turns: 12879, Time: 01:23:53

Health: 0/212      AC: 55    Str: 46    XL:     22   Next: 42%
Magic:  53/62      EV: 32    Int: 41    God:    Cheibriados [******]
Gold:   135        SH: 32    Dex: 24    Spells: 48/75 levels left

rFire    + + +     SeeInvis +   b - +5 triple sword "Teptegu" {freeze, Will- Str+5 SInv}
rCold    + + +     Faith    .   Y - +0 tower shield {rN+}
rNeg     + + +     Spirit   .   m - +14 gold dragon scales
rPois    +         Reflect  .   (helmet unavailable)
rElec    .         Harm     .   l - +2 cloak {rCorr}
rCorr    +         Rampage  .   q - +0 pair of gloves "Qeakhlunn" {rN++ Int+2 Dex-2}
Will     +....                  k - +2 pair of boots {Stlth+}
Stlth    ..........             O - amulet of Pessimism {RegenMP rC+ Str+8 Stlth-}
HPRegen  0.45/turn              c - ring "Ugaot" {*Slow rPois rC+ rN+ MP+9 Stlth+}
MPRegen  0.63/turn              G - ring "Muell" {rPois rF++ AC+4 Stlth+}

@: silence, glowing, very slow
A: permanent stasis, dig shafts and tunnels, four strong arms, antennae 3,
hooves 1, strong 2
}: 2/3 runes: silver, iron
a: Dig, Renounce Religion


You were in the Dungeon.
You worshipped Cheibriados.
Cheibriados was exalted by your worship.
You visited 1 branch You collected 135 gold pieces.

Inventory:

Hand Weapons
 a - a +9 great sword of holy wrath
 b - the +5 triple sword "Teptegu" (weapon) {freeze, Will- Str+5 SInv}
   (You found it in the Dungeon)

   It has been specially enchanted to freeze those struck by it, causing extra
   injury to most foes and up to half again as much damage against particularly
   susceptible opponents.
   It can also slow down cold-blooded creatures.
   It affects your strength (+5).
   It affects your willpower, your defense against some magical effects.
   It lets you see invisible.
 J - the +9 demon blade "Wuec" {freeze, +Rage Str+4 SInv}
   (You found it in the Dungeon)

   It has been specially enchanted to freeze those struck by it, causing extra
   injury to most foes and up to half again as much damage against particularly
   susceptible opponents.
   It can also slow down cold-blooded creatures.
   It affects your strength (+4).
   It lets you see invisible.
   It lets you go berserk.
Missiles
 y - 167 stones (quivered)
Armour
 k - a +2 pair of boots of stealth (worn)
 l - a +2 cloak of preservation (worn)
 m - +14 gold dragon scales (worn)
 q - the +0 pair of gloves "Qeakhlunn" (worn) {rN++ Int+2 Dex-2}
   (You found it in the Dungeon)

   It affects your intelligence (+2).
   It affects your dexterity (-2).
   It greatly protects you from negative energy.
 Y - a +0 tower shield of positive energy (worn)
Jewellery
 c - the ring "Ugaot" (left hand) {*Slow rPois rC+ rN+ MP+9 Stlth+}
   (You found it in the Dungeon)

   [ring of positive energy]

   It protects you from cold.
   It protects you from poison.
   It protects you from negative energy.
   It affects your magic capacity (+9).
   It may slow you when you take damage.
   It makes you more stealthy.
 e - the ring of Seutoef {Will+ Str+3 SInv}
   (You found it in the Dungeon)

   [ring of willpower]

   It affects your strength (+3).
   It affects your willpower, your defense against some magical effects.
   It lets you see invisible.
 r - the amulet "Epheckua" {Inacc rElec Int+3}
   (You found it in the Dungeon)

   [amulet of inaccuracy]

   It reduces the accuracy of all your attacks.
   It affects your intelligence (+3).
   It insulates you from electricity.
 t - the amulet of Intercession {rElec Will- Regen+ Int+4 SInv}
   (You found it in the Dungeon)

   [amulet of regeneration]

   It affects your intelligence (+4).
   It insulates you from electricity.
   It affects your willpower, your defense against some magical effects.
   It lets you see invisible.
   It increases your rate of regeneration.
 u - the ring of Yssamyo {+Fly rN+ Int+5 Slay-4 SInv}
   (You found it in the Dungeon)

   [ring of flight]

   It affects your intelligence (+5).
   It affects your accuracy and damage with ranged weapons and melee attacks
   (-4).
   It protects you from negative energy.
   It lets you see invisible.
   It lets you fly.
 A - the ring "Piabbeoli" {Ice *Slow rPois Str+10 Dex+2}
   (You found it in the Dungeon)

   [ring of ice]

   It enhances your ice magic.
   It affects your strength (+10).
   It affects your dexterity (+2).
   It makes you vulnerable to fire.
   It protects you from cold.
   It protects you from poison.
   It may slow you when you take damage.
 B - the ring "Byxkaaradgh" {rF+ Slay+4}
   (You found it in the Dungeon)

   [ring of protection from fire]

   It affects your accuracy and damage with ranged weapons and melee attacks
   (+4).
   It protects you from fire.
 C - the ring of Gyghiusi {+Fly rF- Dex+6}
   (You found it in the Dungeon)

   [ring of flight]

   It affects your dexterity (+6).
   It makes you vulnerable to fire.
   It lets you fly.
 G - the ring "Muell" (right hand) {rPois rF++ AC+4 Stlth+}
   (You found it in the Dungeon)

   [ring of protection]

   It affects your AC (+4).
   It greatly protects you from fire.
   It protects you from poison.
   It makes you more stealthy.
 O - the amulet of Pessimism (around neck) {RegenMP rC+ Str+8 Stlth-}
   (You found it in the Dungeon)

   [amulet of magic regeneration]

   It increases your magic regeneration.
   It affects your strength (+8).
   It protects you from cold.
   It makes you less stealthy.
Scrolls
 g - 8 scrolls of remove curse
 h - 5 scrolls of amnesia
 i - 2 scrolls of summoning
 v - 5 scrolls of fear
 D - 3 scrolls of fog
Potions
 d - 9 potions of curing
 f - 7 potions of magic
 n - 2 potions of resistance
 o - 5 potions of might
 p - 3 potions of brilliance
 w - 15 potions of heal wounds
 x - 4 potions of mutation
 z - a potion of cancellation
 H - 3 potions of attraction
 M - 2 potions of invisibility
Miscellaneous
 E - a phial of floods
 F - a tin of tremorstones (2/2)
 K - a phantom mirror
 L - a lightning rod (4/4)


   Skills:
 O Level 27 Fighting
 O Level 27 Long Blades
 O Level 27 Armour
 O Level 27 Dodging
 - Level 12.0 Stealth
 O Level 27 Shields
 O Level 27 Spellcasting
 + Level 9.2 Hexes
 + Level 7.6 Summonings
 - Level 1.1 Transmutations
 + Level 6.3 Air Magic
 O Level 27 Earth Magic
 + Level 23.8 Invocations


You had 48 spell levels left.
You knew the following spells:

 Your Spells              Type           Power        Failure   Level
a - Sandblast             Erth           100%         0%          1
b - Stone Arrow           Conj/Erth      100%         0%          3
c - Lee's Rapid Deconstr  Erth           67%          0%          5
d - Petrify               Tmut/Erth      100%         1%          4
e - Dragon's Call         Summ           43%          100%        9
f - Silence               Hex/Air        44%          1%          5

Your spell library contained the following spells:

 Spells                   Type           Power        Failure   Level
 Passwall                 Tmut/Erth      89%          0%          2
 Leda's Liquefaction      Hex/Erth       58%          0%          4
 Beastly Appendage        Tmut           100%         1%          1
 Corona                   Hex            100%         1%          1
 Foxfire                  Conj/Fire      100%         1%          1
 Freeze                   Ice            100%         1%          1
 Corpse Rot               Necr/Air       N/A          1%          2
 Ensorcelled Hibernation  Hex/Ice        100%         1%          2
 Slow                     Hex            92%          1%          2
 Sublimation of Blood     Necr           26%          1%          2
 Wereblood                Tmut           59%          1%          2
 Confusing Touch          Hex            92%          1%          3
 Dazzling Flash           Conj/Hex       100%         1%          3
 Inner Flame              Hex/Fire       75%          1%          3
 Portal Projectile        Hex/Tloc       100%         1%          3
 Spider Form              Tmut/Pois      28%          1%          3
 Tukima's Dance           Hex            92%          1%          3
 Cause Fear               Hex            46%          1%          4
 Summon Ice Beast         Ice/Summ       72%          1%          4
 Statue Form              Tmut/Erth      71%          1%          6
 Conjure Flame            Conj/Fire      53%          2%          3
 Frozen Ramparts          Ice            100%         2%          3
 Gell's Gravitas          Tloc           26%          2%          3
 Ignite Poison            Fire/Tmut/Pois 55%          2%          3
 Ozocubu's Armour         Ice            53%          2%          3
 Metabolic Englaciation   Hex/Ice        37%          3%          5
 Yara's Violent Unravell  Hex/Tmut       39%          3%          5
 Summon Forest            Summ/Tloc      36%          4%          5
 Ice Form                 Ice/Tmut       56%          7%          4
 Dispel Undead            Necr           53%          9%          4
 Hailstorm                Conj/Ice       53%          9%          4
 Sticky Flame             Conj/Fire      53%          9%          4
 Blade Hands              Tmut           29%          16%         5
 Alistair's Intoxication  Tmut/Pois      37%          19%         5
 Irradiate                Conj/Tmut      28%          19%         5
 Agony                    Necr           53%          24%         5
 Excruciating Wounds      Necr           26%          24%         5
 Fireball                 Conj/Fire      26%          24%         5
 Monstrous Menagerie      Summ           43%          30%         7
 Summon Greater Demon     Summ           43%          30%         7
 Summon Hydra             Summ           43%          30%         7
 Hydra Form               Tmut           29%          63%         6
 Eringya's Noxious Bog    Tmut/Pois      28%          71%         6
 Dispersal                Tloc           26%          78%         6
 Discord                  Hex            46%          78%         8
 Malign Gateway           Summ/Tloc      36%          83%         7
 Summon Horrible Things   Summ           43%          94%         8
 Dragon Form              Tmut           29%          99%         7
 Disjunction              Tloc           26%          100%        8


Dungeon Overview and Level Annotations

Branches:
Dungeon (1/1)

Altars:
Ashenzari
Cheibriados
Dithmenos
Elyvilon
Fedhas
Gozag
Hepliaklqana
Kikubaaqudgha
Makhleb
Nemelex Xobeh
Okawaru
Qazlal
Ru
Sif Muna
Trog
Uskayaw
Vehumet
Wu Jian
Xom
Yredelemnul
Zin
The Shining One
Beogh
Jiyva
Lugonu


Innate Abilities, Weirdness & Mutations

You cannot be hasted, slowed, berserked, paralysed or teleported.
You can dig through walls and to a lower floor.
Your four strong arms can wield two-handed weapons with a shield.
You have a pair of large antennae on your head. (SInv)
You have large cloven feet.
Your muscles are very strong. (Str +4)


Message History

Casting: Lee's Rapid Deconstruction (safe; 0% risk of failure)
Confirm with . or Enter, or press ? or * to list all spells.
A profound silence engulfs you.
The daeva calls down the wrath of the Shining One upon you.
The Shining One smites you!
* * * LOW HITPOINT WARNING * * *
You block the daeva's attack. x3; The daeva completely misses you.
The daeva calls down the wrath of the Shining One upon you.
The Shining One smites you!
* * * LOW HITPOINT WARNING * * *
Unknown command.
You feel much better.
The daeva calls down the wrath of the Shining One upon you.
The Shining One smites you!
* * * LOW HITPOINT WARNING * * *
You block the daeva's attack. The daeva closely misses you. x2
You block the daeva's attack.
The daeva calls down the wrath of the Shining One upon you.
The Shining One smites you!
You die... ###### #A{{A{{{ { {{ {{{{ #AA{{{{ {{{{{{{{{{{{ AAA{{{{{ {{{{{{{{{{

{{A.:{{{{{{{{{{{{{{
#####'#################
......AAA){§{{AA@.....#
......A...A)A§AAA.....#
#####################'#
### ########## #'#
###.####)#'..##.### #.#
'.##'##.#.##..'##.# #'#
##'##.#####'#..#'####.#
#.#.##[##.#.##..##.##'#
'###)#[.'####'#..)# #.#


You could see 5 daevas.

Vanquished Creatures
  Ereshkigal (D)
  Dissolution (D)
  Ignacio (D)
  the Serpent of Hell (D)
  4 ancient liches (D)
  2 orbs of fire (D)
  Mara (D)
  A royal mummy (D)
  Boris (D)
  2 Killer Klowns (D)
  Frederick (D)
  Saint Roka (D)
  Xtahua (D)
  3 curse toes (D)
  3 pearl dragons (D)
  2 profane servitors (D)
  Jory (D)
  4 pandemonium lords (D)
  3 bone dragons (D)
  2 electric golems (D)
  3 Ice Fiends (D)
  Rupert (D)
  A tentacled monstrosity (D)
  3 deep elf blademasters (D)
  6 titans (D)
  2 deep elf master archers (D)
  2 quicksilver dragons (D)
  Murray (D)
  A death cob (D)
  An acid blob (D)
  Frances (D)
  A sphinx (D)
  2 shadow dragons (D)
  A draconian monk (D)
  2 storm dragons (D)
  6 nagarajas (D)
  6 azure jellies (D)
  2 draconian knights (D)
  2 balrugs (D)
  3 deep elf sorcerers (D)
  An iron dragon (D)
  Louise (D)
  3 ghost moths (D)
  A draconian stormcaller (D)
  4 orc warlords (D)
  A draconian shifter (D)
  5 ghouls (D)
  3 spriggan defenders (D)
  12 angels (D)
  2 green draconians (D)
  A war gargoyle (D)
  A vampire knight (D)
  2 lorocyprocas (D)
  A deep elf demonologist (D)
  A black draconian (D)
  3 dire elephants (D)
  2 white draconians (D)
  2 deep elf annihilators (D)
  2 purple draconians (D)
  Azrael (D)
  4 yellow draconians (D)
  A minotaur (D)
  3 green deaths (D)
  2 blizzard demons (D)
  An ettin (D)
  2 deep elf death magi (D)
  A mummy priest (D)
  Josephine (D)
  2 eidola (D)
  A great orb of eyes (shapeshifter) (D)
  A merfolk javelineer (D)
  A fire dragon (D)
  A yaktaur captain (D)
  2 death oozes (D)
  A great orb of eyes (D)
  A deep elf high priest (D)
  Erolcha (D)
  15 vault guards (D)
  A naga warrior (D)
  An ice dragon (D)
  A hell beast (D)
  A spriggan air mage (D)
  An anaconda (D)
  A merfolk aquamancer (D)
  2 dancing weapons (D)
  4 ogre magi (D)
  2 death knights (D)
  3 deep troll shamans (D)
  A deep troll earth mage (D)
  An alligator snapping turtle (D)
  A spriggan berserker (D)
  A vampire mage (D)
  5 deep elf knights (D)
  13 hell knights (D)
  2 iron trolls (D)
  A fire crab (D)
  A shadow wraith (D)
  3 cherubim (D)
  A spriggan druid (D)
  A deep troll (D)
  2 sea snakes (D)
  10 wizards (D)
  An unseen horror (D)
  2 swamp dragons (D)
  13 orc knights (D)
  3 ugly things (D)
  7 deep elf magi (D)
  10 necromancers (D)
  A wolf spider (D)
  4 harpies (D)
  An orc sorcerer (D)
  A manticore (D)
  A black mamba (D)
  3 guardian serpents (D)
  A naga mage (D)
  An orange demon (D)
  2 rust devils (D)
  2 molten gargoyles (D)
  2 cane toads (D)
  A rime drake (D)
  A demonic crawler (D)
  A freezing wraith (D)
  4 yaktaurs (D)
  5 merfolk (D)
  A guardian mummy (D)
  A wandering mushroom (D)
  A troll (D)
  A jumping spider (D)
  A hornet (D)
  A tyrant leech (D)
  2 slime creatures (D)
  5 blink frogs (D)
  6 dream sheep (D)
  A snapping turtle (D)
  A large abomination (D)
  A tarantella (D)
  5 wraiths (D)
  A shadow (D)
  A redback (D)
  2 ynoxinuls (D)
  2 flying skulls (D)
  An air elemental (D)
  A vampire (D)
  3 water elementals (D)
  10 humans (D)
  12 yaks (D)
  6 fire elementals (D)
  2 basilisks (D)
  2 golden eyes (D)
  A chaos spawn (D)
  2 steam dragons (D)
  2 wargs (D)
  2 nagas (D)
  A soldier ant (D)
  A small abomination (D)
  A floating eye (D)
  A hell hound (D)
  A swamp drake (D)
  7 orc warriors (D)
  An ice beast (D)
  A sky beast (D)
  4 wolves (D)
  2 eyes of draining (D)
  2 phantoms (D)
  2 centaurs (D)
  2 necrophages (D)
  A big kobold (D)
  A bullfrog (D)
  A gnoll sergeant (D)
  6 killer bees (D)
  A crimson imp (D)
  A hound (D)
  4 orc wizards (D)
  3 orc priests (D)
  A worker ant (D)
  6 gnolls (D)
  A white imp (D)
  An ufetubus (D)
  An ooze (D)
  An adder zombie (D)
  12 orcs (D)
  2 ball pythons (D)
  2 bat zombies (D)
  A goblin (D)
  2 bats (D)
  A frilled lizard (D)
  A quokka simulacrum (D)
453 creatures vanquished.

Vanquished Creatures (others)
  A two-headed ogre (shapeshifter) (D)
  A golden eye (D)
2 creatures vanquished.

Grand Total: 455 creatures vanquished

Notes
Turn   | Place    | Note
-------+----------+-------------------------------------------
     0 | D        | rocky1 the Formicid Earth Elementalist began the quest for
                  | the Orb.
     0 | D        | Reached XP level 1. HP: 13/13 MP: 3/3
    15 | D        | Noticed a worker ant
    29 | D        | Killed a worker ant
    30 | D        | Reached XP level 2. HP: 9/19 MP: 0/5
    30 | D        | Reached XP level 3. HP: 11/24 MP: 0/6
   192 | D        | Found a bloodstained altar of Trog.
   192 | D        | Found a shimmering blue altar of Sif Muna.
   192 | D        | Found a viscous altar of Jiyva.
   192 | D        | Found a hazy altar of Hepliaklqana.
   192 | D        | Found an opulent altar of Gozag.
   218 | D        | Found a glowing golden altar of the Shining One.
   218 | D        | Found a glowing silver altar of Zin.
   218 | D        | Found a basalt altar of Yredelemnul.
   218 | D        | Found a shimmering altar of Xom.
   218 | D        | Found an ornate altar of the Wu Jian Council.
   218 | D        | Found a sacrificial altar of Ru.
   218 | D        | Found a stormy altar of Qazlal.
   218 | D        | Found an iron altar of Okawaru.
   218 | D        | Found a sparkling altar of Nemelex Xobeh.
   218 | D        | Found a burning altar of Makhleb.
   218 | D        | Found a blossoming altar of Fedhas.
   218 | D        | Found a white marble altar of Elyvilon.
   218 | D        | Found a shadowy altar of Dithmenos.
   218 | D        | Found a snail-covered altar of Cheibriados.
   221 | D        | Found a corrupted altar of Lugonu.
   221 | D        | Found a radiant altar of Vehumet.
   221 | D        | Found a roughly hewn altar of Beogh.
   222 | D        | Found an ancient bone altar of Kikubaaqudgha.
   222 | D        | Found a hide-covered altar of Uskayaw.
   222 | D        | Found a broken altar of Ashenzari.
   229 | D        | Became a worshipper of Cheibriados the Contemplative
   252 | D        | Reached skill level 1 in Armour
   252 | D        | Reached skill level 1 in Invocations
   254 | D        | Reached skill level 1 in Long Blades
   342 | D        | Reached * piety under Cheibriados
   353 | D        | Reached ** piety under Cheibriados
   354 | D        | Reached XP level 4. HP: 29/30 MP: 5/8
   358 | D        | Reached *** piety under Cheibriados
   423 | D        | Learned a level 3 spell: Stone Arrow
   427 | D        | Noticed a phantom
   428 | D        | Noticed an ice beast
   428 | D        | Noticed a big kobold
   431 | D        | Reached **** piety under Cheibriados
   433 | D        | Noticed a flying skull
   438 | D        | Killed a phantom
   439 | D        | Reached XP level 5. HP: 27/35 MP: 6/11
   441 | D        | Killed an ice beast
   442 | D        | Reached skill level 5 in Armour
   442 | D        | Reached skill level 5 in Spellcasting
   442 | D        | Reached skill level 5 in Invocations
   442 | D        | Reached XP level 6. HP: 21/41 MP: 4/14
   443 | D        | Reached skill level 5 in Long Blades
   447 | D        | Killed a flying skull
   447 | D        | Reached ***** piety under Cheibriados
   448 | D        | Reached skill level 10 in Earth Magic
   448 | D        | Reached XP level 7. HP: 30/46 MP: 0/16
   559 | D        | Learned a level 5 spell: Lee's Rapid Deconstruction
   564 | D        | Learned a level 4 spell: Petrify
  1130 | D        | Noticed a shadow wraith
  1133 | D        | Killed a shadow wraith
  1134 | D        | Reached skill level 5 in Dodging
  1134 | D        | Reached XP level 8. HP: 33/52 MP: 1/19
  1345 | D        | Noticed a flying skull
  1346 | D        | Killed a flying skull
  1347 | D        | Reached ****** piety under Cheibriados
  1348 | D        | Reached XP level 9. HP: 51/57 MP: 9/21
  1417 | D        | Noticed a jumping spider
  1421 | D        | Reached skill level 10 in Invocations
  1423 | D        | Killed a jumping spider
  1675 | D        | Noticed a deep elf mage
  1677 | D        | Killed a deep elf mage
  1772 | D        | Noticed an eidolon
  1772 | D        | Noticed a deep elf mage
  1773 | D        | Noticed a hornet
  1774 | D        | Killed a deep elf mage
  1775 | D        | Reached XP level 10. HP: 63/63 MP: 12/23
  1777 | D        | Reached skill level 10 in Spellcasting
  1778 | D        | Killed an eidolon
  1779 | D        | Reached skill level 10 in Long Blades
  2189 | D        | Noticed a guardian serpent
  2212 | D        | Killed a guardian serpent
  2282 | D        | Noticed an unseen horror
  2287 | D        | Killed an unseen horror
  2288 | D        | Reached XP level 11. HP: 68/68 MP: 26/26
  2294 | D        | Noticed a manticore
  2300 | D        | Killed a manticore
  2301 | D        | Reached skill level 15 in Earth Magic
  2320 | D        | Reached skill level 10 in Dodging
  2531 | D        | Noticed Josephine
  2534 | D        | Killed Josephine
  2538 | D        | Reached skill level 5 in Stealth
  2653 | D        | Noticed an orc knight
  2660 | D        | Noticed an orc sorcerer
  2662 | D        | Killed an orc sorcerer
  2673 | D        | Killed an orc knight
  2674 | D        | Reached XP level 12. HP: 42/74 MP: 4/28
  2888 | D        | Noticed an eidolon
  2908 | D        | Killed an eidolon
  2921 | D        | Noticed a vampire knight
  2937 | D        | HP: 1/74 [vampire knight/cursed -3 long sword (7)]
  2953 | D        | Killed a vampire knight
  3504 | D        | Got the ring "Ugaot" {*Slow rPois rC+ rN+ MP+9 Stlth+}
  3630 | D        | Noticed a nagaraja
  3630 | D        | Noticed a profane servitor
  3630 | D        | Noticed a dire elephant
  3630 | D        | Noticed an orc warlord
  3632 | D        | Killed a nagaraja
  3633 | D        | Reached skill level 10 in Stealth
  3637 | D        | Killed a profane servitor
  3638 | D        | Reached XP level 13. HP: 7/79 MP: 10/31
  3638 | D        | Killed an orc warlord
  3640 | D        | Killed a dire elephant
  3947 | D        | Reached skill level 1 in Fighting
  3947 | D        | Reached skill level 1 in Shields
  4257 | D        | Noticed a ghost moth
  4258 | D        | Noticed Erolcha
  4259 | D        | Killed a ghost moth
  4260 | D        | Reached skill level 15 in Spellcasting
  4284 | D        | Killed Erolcha
  4284 | D        | Identified the +2 longbow "Qemur" {freeze, Str+2 Int+4}
  4284 | D        | Noticed a minotaur
  4296 | D        | Killed a minotaur
  4297 | D        | Reached skill level 5 in Shields
  4311 | D        | Reached skill level 5 in Fighting
  4342 | D        | Noticed a merfolk javelineer
  4349 | D        | Killed a merfolk javelineer
  4381 | D        | Noticed a war gargoyle
  4383 | D        | Killed a war gargoyle
  4388 | D        | Identified the +10 plate armour "Miyn" {rElec Dex+2}
  4398 | D        | Reached XP level 14. HP: 65/101 MP: 5/33
  4442 | D        | Identified the ring of Gifar {Ice Str+6 Int-3}
  4555 | D        | Noticed a death cob
  4557 | D        | Killed a death cob
  4781 | D        | Noticed a white draconian
  4790 | D        | Killed a white draconian
  4796 | D        | Noticed a deep elf sorcerer
  4797 | D        | Killed a deep elf sorcerer
  4799 | D        | Noticed a nagaraja
  4801 | D        | Noticed a deep elf demonologist
  4802 | D        | Killed a nagaraja
  4802 | D        | Killed a deep elf demonologist
  4803 | D        | Reached skill level 10 in Armour
  4805 | D        | Noticed a white draconian
  4806 | D        | Noticed a deep elf sorcerer
  4807 | D        | Killed a deep elf sorcerer
  4808 | D        | Reached skill level 10 in Shields
  4810 | D        | Killed a white draconian
  4815 | D        | Noticed a deep elf annihilator
  4816 | D        | Killed a deep elf annihilator
  4951 | D        | Noticed a yellow draconian
  4960 | D        | Killed a yellow draconian
  4961 | D        | Reached skill level 10 in Fighting
  5005 | D        | Reached skill level 15 in Dodging
  5009 | D        | Noticed an angel
  5013 | D        | Killed an angel
  5045 | D        | Noticed a nagaraja
  5047 | D        | Killed a nagaraja
  5048 | D        | Noticed Boris
  5054 | D        | Killed Boris
  5055 | D        | Reached XP level 15. HP: 118/118 MP: 19/36
  5056 | D        | Noticed Frances
  5059 | D        | Killed Frances
  5295 | D        | Noticed a sphinx
  5297 | D        | Killed a sphinx
  5320 | D        | Got the Papyrus of the Oath
  5380 | D        | Got the amulet of Pessimism {RegenMP rC+ Str+8 Stlth-}
  5382 | D        | Got the amulet "Saguucsiuh" {RegenMP +Fly rN+ Int+3 SInv}
  5384 | D        | Got the ring "Ytoeryush" {rC+ Will+ MP+9 Dex+7}
  5386 | D        | Got the ring "Geimat" {rPois rC+ Int+3 Slay+5}
  5389 | D        | Got the ring of Enoymunn {rC- Dex+4 Slay+5}
  5391 | D        | Got the ring "Huteom" {*Slow rElec rPois Int+5}
  5393 | D        | Got the amulet "Ferij" {+Blink Regen+ Str+4 Int-2}
  5395 | D        | Got the amulet "Nabaack" {Faith *Slow MP+9 Int+2}
  5398 | D        | Got the ring of Fedhas's Approval {rElec AC+4}
  5400 | D        | Got the amulet "Rolega" {rC- rN+ Regen+ Int+4}
  5403 | D        | Got the amulet "Asissipn" {+Blink Regen+ Int-5 Dex+8 SInv}
  5405 | D        | Got the ring "Jixtoumu" {rElec rC+ EV-4 Int+5}
  5449 | D        | Got the ring "Byxkaaradgh" {rF+ Slay+4}
  5451 | D        | Got the ring "Soups" {Ice rPois}
  5453 | D        | Got the ring "Ownoguwul" {rF+ Will+ Int-4 Dex+2}
  5455 | D        | Got the ring "Kemoq Hafuupt" {rN+ Str+3 Dex-4 Stlth+}
  5458 | D        | Got the ring "Pozeprig" {Will+ Str-3 Int+4 Dex+4}
  5460 | D        | Got the ring "Tuyr Kech" {rElec rPois Will+ Str-4 Int+5}
  5462 | D        | Got the ring of Xom's Bemusement {rElec rC+ Int+4 Dex+2}
  5464 | D        | Got the ring "Etotuoh" {AC+6 Str+5 Int-4}
  5466 | D        | Got the ring "Ciemuwna" {AC+6 Slay+5}
  5468 | D        | Got the ring of Xizumyli {Ice Slay+2}
  5471 | D        | Got the ring "Wunaaf" {rC+ Dex+4 Stlth+}
  5496 | D        | Got the ring "Jizig" {+Inv rF+ Will+}
  5498 | D        | Got the ring of Past Mistakes {+Inv MP+9 Dex+6}
  5574 | D        | Noticed a titan
  5578 | D        | Killed a titan
  5729 | D        | Noticed an orc warlord
  5732 | D        | Killed an orc warlord
  5734 | D        | Killed an orc warlord
  5743 | D        | Noticed a spriggan defender
  5758 | D        | Noticed an orc warlord
  5764 | D        | Killed a spriggan defender
  5775 | D        | Killed an orc warlord
  5781 | D        | Reached XP level 16. HP: 82/132 MP: 6/38
  5788 | D        | Reached skill level 15 in Shields
  5827 | D        | Reached skill level 15 in Armour
  6403 | D        | Noticed a nagaraja
  6403 | D        | Noticed a nagaraja
  6410 | D        | Killed a nagaraja
  6410 | D        | Killed a nagaraja
  6453 | D        | Noticed Azrael
  6456 | D        | Noticed a deep elf sorcerer
  6462 | D        | Killed a deep elf sorcerer
  6463 | D        | Killed Azrael
  6463 | D        | Noticed a bone dragon
  6464 | D        | Reached skill level 15 in Fighting
  6464 | D        | Reached skill level 15 in Long Blades
  6498 | D        | Killed a bone dragon
  6711 | D        | Noticed Saint Roka
  6714 | D        | Noticed a nagaraja
  6719 | D        | Noticed a storm dragon
  6727 | D        | Reached XP level 17. HP: 110/144 MP: 27/40
  6728 | D        | Killed Saint Roka
  6735 | D        | Killed a storm dragon
  6782 | D        | Noticed a titan
  6792 | D        | Killed a titan
  7225 | D        | Noticed Jory
  7235 | D        | Killed Jory
  7418 | D        | Found the +5 scythe "Finisher" {speed, eviscerate}
  7525 | D        | Noticed Rupert
  7561 | D        | Killed Rupert
  7562 | D        | Identified the +5 trident of Awkwardness {flame, +Inv
                  | Will++ Int-4 Dex+2} (You took it off a vault guard in the
                  | Dungeon)
  7574 | D        | Reached XP level 18. HP: 144/158 MP: 30/43
  7748 | D        | Got a silver rune of Zot
  7761 | D        | Got Gyxkive's Compendium of Execration
  7830 | D        | Got the +0 pair of gloves "Qeakhlunn" {rN++ Int+2 Dex-2}
  7997 | D        | Noticed an Ice Fiend
  8010 | D        | Killed an Ice Fiend
  8458 | D        | Noticed an Ice Fiend
  8458 | D        | Noticed Laskidgha the pandemonium lord
  8458 | D        | Noticed Dissolution
  8458 | D        | Noticed Murray
  8465 | D        | Killed Laskidgha the pandemonium lord
  8466 | D        | Killed Dissolution
  8469 | D        | Killed an Ice Fiend
  8470 | D        | Killed Murray
  8740 | D        | Noticed a profane servitor
  8762 | D        | Killed a profane servitor
  8865 | D        | Noticed a tentacled monstrosity
  8881 | D        | Killed a tentacled monstrosity
  9055 | D        | Reached XP level 19. HP: 170/170 MP: 45/45
  9057 | D        | Noticed a Killer Klown
  9071 | D        | Killed a Killer Klown
  9335 | D        | Noticed a bone dragon
  9347 | D        | Killed a bone dragon
  9353 | D        | Noticed a bone dragon
  9359 | D        | Reached skill level 27 in Earth Magic
  9361 | D        | Noticed a curse toe
  9364 | D        | Killed a bone dragon
  9369 | D        | Killed a curse toe
  9394 | D        | Noticed an ancient lich
  9406 | D        | Killed an ancient lich
  9487 | D        | Noticed an ancient lich
  9492 | D        | Killed an ancient lich
  9528 | D        | Noticed a curse toe
  9555 | D        | Killed a curse toe
  9689 | D        | Noticed a titan
  9694 | D        | Killed a titan
  9860 | D        | Got the ring "Qosea" {rC+ Will+ AC+4}
  9862 | D        | Got the ring "Uhekk" {rN+ Will+ Str-3 Int+6}
  9864 | D        | Got the amulet of Intercession {rElec Will- Regen+ Int+4
                  | SInv}
  9866 | D        | Got the ring "Muell" {rPois rF++ AC+4 Stlth+}
  9868 | D        | Got the ring "Dudaoruj" {rN+ Int+2}
  9870 | D        | Got the ring of the Empire {Wiz rPois}
  9872 | D        | Got the ring "Moes" {Int-2 Dex+6 Stlth+}
  9874 | D        | Got the ring "Cattow" {rPois rF+ Int+3 Dex+3}
  9895 | D        | Reached XP level 20. HP: 182/184 MP: 48/48
  9901 | D        | Noticed a pearl dragon
  9903 | D        | Noticed Louise
  9911 | D        | Killed a pearl dragon
  9927 | D        | Killed Louise
 10619 | D        | Noticed Ignacio
 10626 | D        | Killed Ignacio
 10723 | D        | Noticed an electric golem
 10730 | D        | Killed an electric golem
 10735 | D        | Noticed an orb of fire
 10736 | D        | Gained mutation: Potions are less effective at restoring
                  | your health. [an orb of fire]
 10742 | D        | Killed an orb of fire
 11044 | D        | Noticed Ereshkigal
 11090 | D        | Killed Ereshkigal
 11450 | D        | Lost mutation: Potions are less effective at restoring your
                  | health. [potion of mutation]
 11450 | D        | Gained mutation: Your muscles are strong. (Str +2) [potion
                  | of mutation]
 11450 | D        | Gained mutation: You have large cloven feet. [potion of
                  | mutation]
 11450 | D        | Gained mutation: Your muscles are very strong. (Str +4)
                  | [potion of mutation]
 11466 | D        | Noticed an ancient lich
 11471 | D        | Killed an ancient lich
 11472 | D        | Reached XP level 21. HP: 198/198 MP: 51/51
 11485 | D        | Reached skill level 27 in Shields
 11498 | D        | Noticed a pearl dragon
 11503 | D        | Killed a pearl dragon
 11510 | D        | Noticed a Killer Klown
 11529 | D        | Killed a Killer Klown
 11563 | D        | Noticed Mara
 11572 | D        | Killed Mara
 11584 | D        | Noticed Frederick
 11605 | D        | Killed Frederick
 11742 | D        | Reached skill level 27 in Spellcasting
 11858 | D        | Noticed an ancient lich
 11860 | D        | Killed an ancient lich
 11884 | D        | Reached skill level 27 in Armour
 11888 | D        | Noticed an electric golem
 11902 | D        | Killed an electric golem
 11993 | D        | Noticed a pearl dragon
 12001 | D        | Killed a pearl dragon
 12002 | D        | Reached skill level 27 in Fighting
 12048 | D        | Noticed Xtahua
 12053 | D        | Killed Xtahua
 12065 | D        | Noticed Ceuffalo the pandemonium lord
 12070 | D        | Killed Ceuffalo the pandemonium lord
 12076 | D        | Noticed the Serpent of Hell
 12089 | D        | Killed the Serpent of Hell
 12090 | D        | Reached skill level 27 in Long Blades
 12090 | D        | Reached skill level 27 in Dodging
 12093 | D        | Reached XP level 22. HP: 206/212 MP: 53/53
 12096 | D        | Noticed a royal mummy
 12101 | D        | Killed a royal mummy
 12103 | D        | Noticed Otoutz the pandemonium lord
 12108 | D        | Killed Otoutz the pandemonium lord
 12108 | D        | Noticed a curse toe
 12116 | D        | Noticed Ikhlifud the pandemonium lord
 12124 | D        | Killed a curse toe
 12132 | D        | Killed Ikhlifud the pandemonium lord
 12561 | D        | Learned a level 9 spell: Dragon's Call
 12567 | D        | Learned a level 5 spell: Silence
 12671 | D        | Noticed an orb of fire
 12681 | D        | Killed an orb of fire
 12682 | D        | Reached skill level 5 in Hexes
 12701 | D        | Got an iron rune of Zot
 12703 | D        | Got the ring of Seutoef {Will+ Str+3 SInv}
 12724 | D        | Got the amulet "Epheckua" {Inacc rElec Int+3}
 12729 | D        | Got the ring of Yssamyo {+Fly rN+ Int+5 Slay-4 SInv}
 12738 | D        | Got the +5 triple sword "Teptegu" {freeze, Will- Str+5
                  | SInv}
 12741 | D        | Got the ring "Piabbeoli" {Ice *Slow rPois Str+10 Dex+2}
 12743 | D        | Got the ring of Gyghiusi {+Fly rF- Dex+6}
 12759 | D        | Got the +7 double sword "Plog" {vorpal, Str+4 Int+3}
 12766 | D        | Got the +9 demon blade "Wuec" {freeze, +Rage Str+4 SInv}
 12878 | D        | HP: 5/212 [daeva/divine providence (11)]
 12879 | D        | Killed from afar by a daeva

Illustrated notes

Levels and vault maps discovered:
D:        pitsprint [storerooms_1, entrance_room_1, metal_vault_5, armoury_3,
          mini_pit_1, grid_room_1, main_hall_1, silver_pit, the_coven_1,
          the_vestibule_1, steel_vault_3, golden_pit, hallway_of_sentries,
          crystal_vault_5, iron_vault_5, final_vault]

Skill      XL: |  1  2  3  4  5  6  7  8  9 10 11 12 13 14 15 16 17 18 19 20 21 22 |
---------------+-------------------------------------------------------------------+-----
Earth Magic    | 7 8 9 10 11 12 13 14 16 17 18 20 21 23 24 26 27 | 27.0
Armour         | 1 4 5 8 12 14 16 18 21 23 25 27 | 27.0
Invocations    | 1 4 5 7 8 9 11 12 13 17 23 | 23.8
Long Blades    | 1 3 4 5 7 8 9 11 12 14 16 17 19 21 24 27 | 27.0
Spellcasting   | 4 5 6 7 8 9 11 12 14 15 17 18 19 21 22 24 26 27 | 27.0
Dodging        | 3 5 6 7 9 11 12 13 15 16 18 19 20 22 24 27 | 27.0
Stealth        | 6 11 12 | 12.0
Fighting       | 6 11 13 16 18 20 22 25 27 | 27.0
Shields        | 7 12 14 17 19 22 24 26 27 | 27.0
Hexes          | 9 |  9.2
Summonings     | 7 |  7.6
Air Magic      | 6 |  6.3
Transmutations | |  1.1

Action                   |  1- 3 |  4- 6 |  7- 9 | 10-12 | 13-15 | 16-18 | 19-21 | 22-24 || total
-------------------------+-------+-------+-------+-------+-------+-------+-------+-------++-------
Melee: Unarmed           |    10 |       |       |       |       |       |       |       ||    10
       Falchion          |     9 |     4 |       |       |       |       |       |       ||    13
       Long sword        |       |     5 |     4 |       |       |       |       |       ||     9
       Scimitar          |       |       |       |    75 |   151 |   351 |   109 |       ||   686
       Great sword       |       |       |       |       |       |    18 |   292 |    39 ||   349
 Cast: Sandblast         |     6 |    13 |     1 |       |       |       |       |       ||    20
       Lee's Rapid Decon |       |       |    13 |    39 |    68 |    82 |    27 |       ||   229
       Silence           |       |       |       |       |       |       |       |     1 ||     1
Invok: Slouch            |       |       |       |     4 |     5 |     2 |     5 |     3 ||    19
       Step From Time    |       |       |       |     1 |       |       |       |       ||     1
  Use: Potion            |       |     2 |       |     8 |     2 |       |     4 |     6 ||    22
       Scroll            |       |       |       |       |       |       |     5 |     1 ||     6
 Stab: Sleeping          |     1 |       |       |       |       |       |       |       ||     1
       Distracted        |       |       |       |     1 |     1 |       |       |       ||     2
Armor: Robe              |     6 |     2 |       |     9 |       |       |       |       ||    17
       Leather armour    |       |       |       |     2 |       |       |       |       ||     2
       Troll leather arm |       |       |       |       |    10 |       |       |       ||    10
       Plate armour      |       |       |       |       |    12 |    68 |       |       ||    80
       Gold dragon scale |       |       |       |       |       |    18 |   121 |    24 ||   163
Dodge: Dodged            |    24 |    16 |     3 |    97 |   107 |   172 |   205 |    27 ||   651
Block: Kite shield       |       |       |       |       |    90 |   179 |       |       ||   269
       Tower shield      |       |       |       |       |       |   176 |   466 |    52 ||   694
       Rpst.: Falchion   |     3 |     1 |       |       |       |       |       |       ||     4
       Long sword        |       |     2 |     1 |       |       |       |       |       ||     3
       Scimitar          |       |       |       |    27 |    23 |    27 |    12 |       ||    89
       Great sword       |       |       |       |       |       |       |    10 |       ||    10
       Triple sword      |       |       |       |       |       |       |       |     2 ||     2

Table legend: (Time is in decaauts) A = Elapsed time spent in this place. B = Non-inter-level travel time spent in this place. C = Inter-level travel time spent in this place. D = Time resting spent in this place. E = Time spent auto-exploring this place. F = Levels seen in this place. G = Mean time per level. A B C D E F G +--------+--------+--------+--------+--------+-----+--------+ Total | 15687 | 15175 | 512 | 7732 | 0 | 1 | 15687.0 | Dungeon | 15687 | 15175 | 512 | 7732 | 0 | 1 | 15687.0 | +--------+--------+--------+--------+--------+-----+--------+

Top non-repeatable levels by time:
       D: 15687 daAuts
